 Dungeon Crawl Stone Soup version 0.24-a0-581-gc0fa6600bf (webtiles) character file.

Game seed: 10279613785587146887

354516 Peloso the Hoplite (level 21, -3/201 HPs)
             Began as a Minotaur Fighter on Aug 25, 2019.
             Was the Champion of Okawaru.
             Slain by an orc warrior
             ... wielding a +3 glaive
              (29 damage)
             ... while paralysed
             ... on level 3 of the Vaults.
             The game lasted 03:12:31 (52913 turns).

Peloso the Hoplite (Minotaur Fighter)              Turns: 52913, Time: 03:12:31

Health: -3/201     AC: 38    Str: 38    XL:     21   Next: 35%
Magic:  19/19      EV:  2    Int:  6    God:    Okawaru [******]
Gold:   2054       SH:  0    Dex: 15    Spells: 20/20 levels left

rFire    . . .     SeeInvis .   a - +10 zealot's sword {holy, *Rage rN+ EV+3}
rCold    + + +     Gourm    .   i - +9 large shield of Zeginepo {Str+7}
rNeg     + + .     Faith    .   Q - +11 plate armour "Doote" {rPois rC+ rCorr}
rPois    +         Spirit   .   N - -3 hat of Snakes and Ladders {rElec}
rElec    +         Reflect  +   P - +5 cloak of the Slug {rC++}
rCorr    +         Harm     .   L - +0 pair of gloves {Str+3}
MR       ++...     Rnd*Rage +   o - +1 pair of boots of Qygi {+Fly Regen+ Dex+2 Slay+3}
Stlth    ..........             t - +4 amulet of reflection
HPRegen  0.83/turn              E - ring "Itar" {+Blink rN+ MR+}
MPRegen  0.16/turn              j - ring of the Octopus King {rCorr AC+1 EV+1 Str+1 Int+1 Dex+1}

@: paralysed, berserk cooldown, slowed
A: retaliatory headbutt, horns 2, clumsy 1, low mp 1
}: 2/15 runes: serpentine, barnacled
a: Heroism, Finesse, Renounce Religion, Evoke Blink, Evoke Flight


You were on level 3 of the Vaults.
You worshipped Okawaru.
Okawaru was exalted by your worship.
You were not hungry.

You visited 8 branches of the dungeon, and saw 38 of its levels.
You also visited: Trove and Gauntlet.

You collected 4106 gold pieces.
You spent 2052 gold pieces at shops.

Inventory:

Hand Weapons
 a - the +10 zealot's sword (weapon) {holy, *Rage rN+ EV+3}
   (Okawaru gifted it to you on level 1 of the Orcish Mines)

   It has been blessed by the Shining One to cause great damage to the undead
   and demons.
   It affects your evasion (+3).
   It protects you from negative energy.
   It may make you go berserk in combat.
 b - the +3 scimitar of Ususamn {flame, +Rage rPois rC- Dex-2}
   (You found it on level 4 of the Lair of Beasts)

   It has been specially enchanted to burn those struck by it, causing extra
   injury to most foes and up to half again as much damage against particularly
   susceptible opponents.
   Big, fiery blades are also staple armaments of hydra-hunters.
   It affects your dexterity (-2).
   It makes you vulnerable to cold.
   It protects you from poison.
   It lets you go berserk.
 D - a +2 demon blade of flaming
Armour
 i - the +9 large shield of Zeginepo (worn) {Str+7}
   (You bought it in a shop on level 1 of the Elven Halls)

   It affects your strength (+7).
 o - the +1 pair of boots of Qygi (worn) {+Fly Regen+ Dex+2 Slay+3}
   (You bought it in a shop on level 2 of the Orcish Mines)

   It affects your dexterity (+2).
   It affects your accuracy and damage with ranged weapons and melee attacks
   (+3).
   It lets you fly.
   It increases your rate of regeneration.
 r - the +0 large shield "Tusueff" {+Inv Str+3}
   (Okawaru gifted it to you on level 2 of the Vaults)

   It affects your strength (+3).
   It lets you turn invisible.
 y - +0 ice dragon scales
 C - a scarf of repulsion
 L - a +0 pair of gloves of strength (worn)
 N - the -3 hat of Snakes and Ladders (worn) {rElec}
   (Okawaru gifted it to you on level 4 of the Lair of Beasts)

   It insulates you from electricity.
 P - the +5 cloak of the Slug (worn) {rC++}
   (You found it in a Gauntlet)

   It greatly protects you from cold.
 Q - the +11 plate armour "Doote" (worn) {rPois rC+ rCorr}
   (Okawaru gifted it to you on level 2 of the Shoals)

   It protects you from cold.
   It protects you from poison.
   It provides partial protection from all sources of acid and corrosion.
 U - a +0 shield of reflection
Jewellery
 j - a ring of the Octopus King (right hand) {rCorr AC+1 EV+1 Str+1 Int+1 Dex+1}
   (You bought it in a shop on level 2 of the Orcish Mines)

   [ring of resist corrosion]

   It affects your AC (+1).
   It affects your evasion (+1).
   It affects your strength (+1).
   It affects your intelligence (+1).
   It affects your dexterity (+1).
   It provides partial protection from all sources of acid and corrosion.
 t - a +4 amulet of reflection (around neck)
 A - a +2 ring of evasion
 E - the ring "Itar" (left hand) {+Blink rN+ MR+}
   (You took it off a deep elf high priest on level 3 of the Elven Halls)

   [ring of positive energy]

   It protects you from negative energy.
   It affects your resistance to hostile enchantments.
   It lets you blink.
 H - the ring of the Everdark {rF+ rC+ SInv}
   (You found it in a treasure trove)

   [ring of protection from fire]

   It protects you from fire.
   It protects you from cold.
   It lets you see invisible.
 K - an uncursed ring of protection from fire
Wands
 q - a wand of digging (9)
 s - a wand of iceblast (7)
 V - a wand of random effects (23)
Scrolls
 c - a scroll of fear
 g - a scroll of amnesia
 k - 3 scrolls of identify
 l - 13 scrolls of teleportation
 m - 24 scrolls of remove curse
 p - a scroll of fog
 v - 2 scrolls of enchant weapon
 x - 4 scrolls of blinking
 O - 3 scrolls of magic mapping
Potions
 d - 4 potions of might
 e - a potion of brilliance
 h - 2 potions of berserk rage
 n - 7 potions of curing
 u - a potion of magic
 w - 4 potions of haste
 z - 4 potions of flight
 B - a potion of invisibility
 I - 3 potions of mutation
 X - 5 potions of heal wounds
Comestibles
 f - 56 rations


   Skills:
 + Level 20.2 Fighting
 + Level 21.4 Long Blades
 + Level 18.4 Armour
 + Level 8.2 Dodging
 + Level 2.8 Stealth
 + Level 25.2 Shields
 + Level 2.0 Invocations
 + Level 1.0 Evocations


You had 20 spell levels left.
You didn't know any spells.
Your spell library contained the following spells:

 Spells                   Type           Power        Failure   Level  Hunger
 Apportation              Tloc           #.....       86%         1    ##.....
 Beastly Appendage        Tmut           #.....       86%         1    ##.....
 Confusing Touch          Hex            #.....       86%         1    ##.....
 Corona                   Hex            #......      86%         1    ##.....
 Flame Tongue             Conj/Fire      #....        86%         1    ##.....
 Magic Dart               Conj           #...         86%         1    ##.....
 Sandblast                Erth           #.....       86%         1    ##.....
 Shock                    Conj/Air       #...         86%         1    ##.....
 Summon Butterflies       Summ           #.......     86%         1    ##.....
 Blink                    Tloc           N/A          94%         2    ###....
 Call Imp                 Summ           #.......     94%         2    ###....
 Passwall                 Tmut/Erth      #.......     94%         2    ###....
 Searing Ray              Conj           #.....       94%         2    ###....
 Slow                     Hex            #.......     94%         2    ###....
 Swiftness                Chrm/Air       #.......     94%         2    ###....
 Confuse                  Hex            #.......     99%         3    ####...
 Conjure Flame            Conj/Fire      #.......     99%         3    ####...
 Dazzling Spray           Conj/Hex       #.....       99%         3    ####...
 Gell's Gravitas          Tloc           #.........   99%         3    ####...
 Ignite Poison            Fire/Tmut/Pois #.......     99%         3    ####...
 Lesser Beckoning         Tloc           #.........   99%         3    ####...
 Mephitic Cloud           Conj/Pois/Air  #.......     99%         3    ####...
 Spider Form              Tmut/Pois      #.........   99%         3    ####...
 Static Discharge         Conj/Air       #.......     99%         3    ####...
 Stone Arrow              Conj/Erth      #.....       99%         3    ####...
 Tukima's Dance           Hex            #.......     99%         3    ####...
 Airstrike                Air            #.........   100%        4    #####..
 Cause Fear               Hex            #.........   100%        4    #####..
 Force Lance              Conj/Tloc      #.......     100%        4    #####..
 Fulminant Prism          Conj/Hex       #.........   100%        4    #####..
 Iskenderun's Mystic Bla  Conj           #.......     100%        4    #####..
 Petrify                  Tmut/Erth      #.......     100%        4    #####..
 Sticky Flame             Conj/Fire      #.......     100%        4    #####..
 Summon Lightning Spire   Summ/Air       #.......     100%        4    #####..
 Agony                    Necr           #.......     100%        5    ######.
 Alistair's Intoxication  Tmut/Pois      #.......     100%        5    ######.
 Bolt of Magma            Conj/Fire/Erth #.........   100%        5    ######.
 Irradiate                Conj/Tmut      #.........   100%        5    ######.
 Lee's Rapid Deconstruct  Erth           #.........   100%        5    ######.
 Lightning Bolt           Conj/Air       #.........   100%        5    ######.
 Metabolic Englaciation   Hex/Ice        #.........   100%        5    ######.
 Summon Forest            Summ/Tloc      #.........   100%        5    ######.
 Yara's Violent Unravell  Hex/Tmut       #.........   100%        5    ######.
 Bolt of Fire             Conj/Fire      #.........   100%        6    #######
 Death Channel            Necr           #.........   100%        6    #######
 Deflect Missiles         Chrm/Air       #.........   100%        6    #######
 Freezing Cloud           Conj/Ice/Air   #.........   100%        6    #######
 Hydra Form               Tmut           #.........   100%        6    #######
 Invisibility             Hex            #.......     100%        6    #######
 Statue Form              Tmut/Erth      #........    100%        6    #######
 Dragon Form              Tmut           #.........   100%        7    #######
 Haunt                    Necr/Summ      #.........   100%        7    #######
 Borgnjor's Revivificati  Necr           #.........   100%        8    #######
 Death's Door             Chrm/Necr      #.........   100%        8    #######
 Infestation              Necr           #.........   100%        8    #######
 Necromutation            Tmut/Necr      #.........   100%        8    #######
 Dragon's Call            Summ           #.........   100%        9    #######
 Shatter                  Erth           #.........   100%        9    #######


Dungeon Overview and Level Annotations

Branches:
Dungeon (15/15)            Temple (1/1) D:7            Lair (6/6) D:9
 Shoals (4/4) Lair:3        Snake (4/4) Lair:4        Slime (0/5) Lair:5
    Orc (2/2) D:10            Elf (3/3) Orc:2        Vaults (3/5) D:14
  Crypt (0/3) Vaults:2     Depths (0/5) D:15        Gauntlet (visited)

Altars:
Ashenzari
Cheibriados
Dithmenos
Elyvilon
Fedhas
Gozag
Hepliaklqana
Kikubaaqudgha
Makhleb
Nemelex Xobeh
Okawaru
Qazlal
Ru
Sif Muna
Trog
Uskayaw
Vehumet
Wu Jian
Xom
Yredelemnul
The Shining One
Beogh
Jiyva
Lugonu

Shops:
Orc:2 *%(*   Elf:1 [([}   Elf:2 }   Snake:2 %   Snake:3 =


Innate Abilities, Weirdness & Mutations

You reflexively headbutt those who attack you in melee.
You have a pair of horns on your head.
You are clumsy. (Dex -2)
Your magical capacity is low. (-10% MP)


Message History

Unknown command.
You slice the orc warrior!!
You kill the orc warrior!
Okawaru accepts your kill.
Unknown command.
You hit the orc priest.
The orc priest is heavily wounded.
You block the orc warrior's attack.
Unknown command.
You carve the orc priest like a ham!!!
You kill the orc priest!
Okawaru accepts your kill.
Unknown command.
You are no longer berserk.
You pass out from exhaustion.
You feel yourself slow down.
The orc warrior hits you with a +3 glaive!
* * * LOW HITPOINT WARNING * * *
The orc warrior hits you with a +3 glaive!!
You die...

#....#############...
#....................
#....................
+....................
#....................
#.(##########........
#)))).......#........
#))#†)......#........
#))#@)......#....####
########).#o.......#...##
........))#........#..##
.......)..#........#.##
.......)..#........#.#####..
..........##########.'......
..........)..[)).....#......
......########)......#####..
......#......#.......##


You could see an orc warrior.

Vanquished Creatures
  Saint Roka (Elf:2)
  Margery (Vaults:3)
  Bai Suzhen (Shoals:3)
  Jorgrun (Orc:1)
  Asterion (Vaults:1)
  The ghost of Rudiyha the Executioner, an adept MiBe of Trog (Snake:1)
  3 krakens
  Frances (D:12)
  Kirke (Lair:4)
  6 nagarajas
  Roxanne (Snake:1)
  Ilsuiw (Shoals:2)
  Donald (Snake:1)
  6 deep elf sorcerers
  An orc warlord (Vaults:3)
  Aizul (Snake:1)
  3 vault wardens
  6 deep elf elementalists (Elf:3)
  4 ironheart preservers
  An entropy weaver (Vaults:2)
  Nessos (Orc:2)
  Azrael (D:14)
  The ghost of Mysudi the Corrupter of Planes, a journeyman CeAK of Lugonu (D:13)
  7 deep elf annihilators
  The ghost of Mandevil the Slicer, a journeyman VSAK of Lugonu (D:13)
  6 deep elf demonologists
  A minotaur (Gauntlet)
  2 merfolk javelineers (Shoals:4)
  Snorg (Lair:3)
  An ettin (Vaults:3)
  The ghost of Nilosor the Zephyrmancer, a journeyman DrAE of Sif Muna (Lair:4)
  12 merfolk impalers
  5 deep elf death magi
  4 yaktaur captains
  Erolcha (Orc:1)
  6 deep elf high priests (Elf:3)
  Josephine (D:12)
  A rakshasa (Vaults:2)
  The ghost of LabCoat the Severer, a journeyman HOFi of Trog (D:10)
  2 great orbs of eyes
  Harold (D:7)
  2 ice dragons (Vaults:2)
  3 catoblepae
  Erica (Orc:1)
  4 centaur warriors
  16 naga warriors
  2 vault guards (Vaults:2)
  4 merfolk avatars
  A hydra (Lair:6)
  10 anacondas
  23 dancing weapons
  3 merfolk aquamancers
  An alligator snapping turtle (Shoals:4)
  20 two-headed ogres
  2 satyrs
  5 ogre magi
  A deep troll shaman (Vaults:1)
  A tengu warrior (D:15)
  Urug (Lair:2)
  15 naga sharpshooters
  15 deep elf knights
  14 death yaks
  5 shock serpents
  10 orc high priests
  3 hell knights (Vaults:3)
  Sonja (D:12)
  Nergalle (D:10)
  3 salamander mystics (Snake:4)
  9 skeletal warriors
  14 sea snakes
  4 unseen horrors
  4 deep trolls (Vaults:1)
  A wizard (D:14)
  9 naga ritualists
  9 harpies
  An orange crystal statue (Vaults:1)
  5 necromancers
  11 orc knights
  11 deep elf archers
  3 ironbrand convokers (Vaults:1)
  A wolf spider zombie (D:12)
  The ghost of Jannitor the Covert, a novice SpAK of Xom (D:5)
  2 orc sorcerers (Vaults:1)
  An oklob plant (Gauntlet)
  60 deep elf magi
  21 ugly things
  A shining eye (shapeshifter) (Vaults:1)
  2 wolf spiders
  11 mana vipers
  15 manticores
  20 fauns
  8 cyclopes
  A tengu skeleton (Vaults:2)
  8 salamanders
  A salamander (shapeshifter) (D:15)
  4 vault sentinels
  10 merfolk sirens
  2 moths of wrath (Lair:6)
  46 black mambas
  Joseph (D:6)
  Maurice (Orc:1)
  A guardian serpent (shapeshifter) (Elf:1)
  14 elephants
  2 guardian serpents
  23 naga magi
  4 water nymphs
  2 torpor snails (Lair:6)
  23 spiny frogs
  A gargoyle (D:15)
  3 kobold demonologists
  A rime drake (Lair:4)
  5 komodo dragons
  A redback zombie (D:14)
  9 yaktaurs
  A human skeleton (Vaults:2)
  39 merfolk
  A meliai (shapeshifter) (Vaults:2)
  12 trolls
  2 meliai (Lair:4)
  A tengu conjurer (D:11)
  6 wind drakes
  2 queen bees
  16 tyrant leeches
  15 blink frogs
  17 slime creatures
  A wind drake (shapeshifter) (Vaults:1)
  2 hornets
  A blink frog (shapeshifter) (D:15)
  14 hippogriffs
  4 dream sheep
  A meliai zombie (D:15)
  9 snapping turtles
  A stone giant simulacrum (Vaults:2)
  Sigmund (D:5)
  19 water elementals
  3 redbacks (Vaults:2)
  27 yaks
  4 wraiths
  2 shadows
  4 air elementals
  A tarantella (Vaults:2)
  3 wyverns
  5 fire elementals
  3 basilisks
  A steam dragon (Lair:3)
  2 hogs (Lair:4)
  A human (D:12)
  6 vampire mosquitoes
  4 hungry ghosts
  51 nagas
  4 soldier ants
  6 swamp worms
  11 wargs
  5 acid dragons
  11 water moccasins
  3 hell hounds (D:14)
  9 porcupines
  Duvessa (D:7)
  2 sky beasts (D:11)
  44 orc warriors
  An eye of draining (shapeshifter) (D:15)
  12 ice beasts
  4 black bears
  4 phantoms
  33 ogres
  16 wolves
  An eye of draining (D:10)
  2 necrophages
  9 boggarts
  20 centaurs
  8 crocodiles
  3 big kobolds
  2 earth elementals
  37 bullfrogs
  A wyvern zombie (D:11)
  A gnoll sergeant (D:10)
  An ogre simulacrum (Vaults:1)
  A wyvern skeleton (D:11)
  Dowan (D:7)
  4 scorpions
  45 killer bees
  9 electric eels
  4 wights (D:9)
  4 howler monkeys
  A vampire bat (D:5)
  3 bullfrog zombies
  11 crimson imps
  7 jellies
  A quasit (D:13)
  A human simulacrum (Vaults:2)
  10 hounds
  2 centaur skeletons
  5 centaur zombies
  51 orc priests
  31 orc wizards
  2 iguanas (D:9)
  8 worker ants
  A killer bee zombie (D:4)
  2 hound skeletons
  3 worker ant zombies
  14 gnolls
  6 adders
  A howler monkey zombie (D:11)
  3 shadow imps
  An adder skeleton (D:9)
  An adder zombie (D:9)
  8 worms
  4 dart slugs
  4 leopard geckos
  159 orcs
  2 bat skeletons (D:5)
  3 bat zombies (D:5)
  10 giant cockroaches
  11 hobgoblins
  14 jackals
  5 quokkas
  2 ball pythons
  6 bats
  8 frilled lizards
  A giant cockroach zombie (D:6)
  9 goblins
  A jackal skeleton (D:4)
  A jackal zombie (D:5)
  11 kobolds
  2 leopard gecko skeletons
  A quokka zombie (D:7)
  7 rats
  2 fungi
  8 plants
  4 tentacles
1702 creatures vanquished.

Vanquished Creatures (others)
  A deep elf master archer (Elf:3)
  Polyphemus (Shoals:3)
  A yaktaur captain (Vaults:2)
  A satyr (Shoals:2)
  2 naga sharpshooters (Snake:4)
  2 fauns
  A cyclops (Vaults:2)
  4 yaktaurs (Vaults:1)
  A water elemental (Elf:1)
  A naga (Snake:4)
  An orc warrior (Orc:1)
  A sky beast (D:5)
  A centaur (D:12)
  A quokka (D:8)
  12 fungi
  38 plants
  14 tentacles
83 creatures vanquished.

Grand Total: 1785 creatures vanquished

Notes
Turn   | Place    | Note
-------+----------+-------------------------------------------
     0 | D:1      | Peloso the Minotaur Fighter began the quest for the Orb.
     0 | D:1      | Reached XP level 1. HP: 19/19 MP: 0/0
   207 | D:1      | Reached XP level 2. HP: 22/27 MP: 1/1
   384 | D:1      | Reached skill level 4 in Shields
   584 | D:1      | Reached XP level 3. HP: 33/33 MP: 2/2
  1157 | D:2      | Reached XP level 4. HP: 40/40 MP: 3/3
  1331 | D:2      | Found an opulent altar of Gozag.
  1336 | D:2      | Found a snail-covered altar of Cheibriados.
  1725 | D:3      | Found a shadowy altar of Dithmenos.
  1823 | D:3      | Found a shimmering altar of Xom.
  1828 | D:3      | Reached skill level 1 in Dodging
  1828 | D:3      | Reached skill level 5 in Shields
  1828 | D:3      | Reached XP level 5. HP: 44/46 MP: 4/4
  2337 | D:4      | Noticed an ogre
  2346 | D:4      | Killed an ogre
  2346 | D:4      | Reached XP level 6. HP: 32/53 MP: 5/5
  2511 | D:4      | You fall into a shaft and drop 2 floors!
  2530 | D:6      | Reached skill level 5 in Long Blades
  2556 | D:5      | Entered Level 5 of the Dungeon
  2556 | D:5      | Found a runed translucent door.
  2556 | D:5      | Noticed a sky beast
  2557 | D:5      | Noticed Jannitor's ghost (novice SpAK)
  2569 | D:5      | Reached skill level 5 in Armour
  2569 | D:5      | Killed a sky beast
  2578 | D:5      | Reached skill level 6 in Shields
  2578 | D:5      | Reached XP level 7. HP: 37/60 MP: 6/6
  2950 | D:5      | Noticed Sigmund
  2982 | D:5      | Killed Sigmund
  2982 | D:5      | Reached XP level 8. HP: 53/67 MP: 7/7
  3035 | D:5      | Found a hide-covered altar of Uskayaw.
  3085 | D:5      | Found a sparkling altar of Nemelex Xobeh.
  3268 | D:5      | Found an ancient bone altar of Kikubaaqudgha.
  3416 | D:5      | Reached skill level 5 in Fighting
  3416 | D:5      | Reached skill level 7 in Shields
  3842 | D:4      | Found a shimmering blue altar of Sif Muna.
  4029 | D:4      | Found an ornate altar of the Wu Jian Council.
  4467 | D:6      | Noticed an air elemental
  4469 | D:6      | Found a stormy altar of Qazlal.
  4528 | D:6      | Found a shattered altar of Ashenzari.
  4547 | D:6      | Reached XP level 9. HP: 55/74 MP: 8/8
  4666 | D:6      | Reached skill level 5 in Dodging
  5113 | D:7      | Noticed Joseph
  5113 | D:7      | Noticed a troll
  5117 | D:7      | Noticed Harold
  5138 | D:6      | Killed Joseph
  5138 | D:6      | Reached skill level 8 in Shields
  5337 | D:7      | Killed Harold
  5337 | D:7      | Reached skill level 10 in Long Blades
  5355 | D:7      | Killed a troll
  5355 | D:7      | Reached skill level 9 in Shields
  5373 | D:7      | Reached XP level 10. HP: 58/86 MP: 9/9
  5549 | D:7      | Noticed Dowan
  5556 | D:7      | Killed Dowan
  5556 | D:7      | Noticed Duvessa
  5563 | D:7      | Killed Duvessa
  5726 | D:7      | Found a staircase to the Ecumenical Temple.
  5738 | Temple   | Entered the Ecumenical Temple
  5759 | Temple   | Became a worshipper of Warmaster Okawaru
  5935 | D:7      | Found a burning altar of Makhleb.
  6187 | D:8      | Noticed a two-headed ogre
  6199 | D:8      | Killed a two-headed ogre
  6199 | D:8      | Reached * piety under Okawaru
  6325 | D:8      | Reached skill level 10 in Shields
  6462 | D:8      | Found a basalt altar of Yredelemnul.
  6463 | D:8      | Found a glowing golden altar of the Shining One.
  6466 | D:8      | Noticed an angel
  6475 | D:8      | Noticed a profane servitor
  6572 | D:8      | Found a white marble altar of Elyvilon.
  6867 | D:9      | Found a staircase to the Lair.
  6970 | D:9      | Found a sacrificial altar of Ru.
  7080 | D:9      | Reached ** piety under Okawaru
  7099 | D:9      | Reached XP level 11. HP: 94/95 MP: 10/10
  7292 | D:9      | Reached skill level 11 in Shields
  7528 | D:10     | Entered Level 10 of the Dungeon
  7720 | D:9      | Reached *** piety under Okawaru
  8394 | D:10     | Found a runed translucent gate.
  8395 | D:10     | Found a runed translucent gate.
  8395 | D:10     | Found an opulent altar of Gozag.
  8396 | D:10     | Found a runed translucent gate.
  8398 | D:10     | Noticed LabCoat's ghost (journeyman HOFi)
  8610 | D:10     | Noticed Nergalle
  8622 | D:10     | Killed Nergalle
  8646 | D:10     | Noticed a two-headed ogre
  8660 | D:10     | Killed a two-headed ogre
  8660 | D:10     | Reached **** piety under Okawaru
  8660 | D:10     | Reached skill level 12 in Shields
  8697 | D:10     | Found a hazy altar of Hepliaklqana.
  8745 | D:10     | Received a gift from Okawaru
  9127 | D:10     | Found a staircase to the Orcish Mines.
  9416 | D:5      | Killed Jannitor's ghost
  9563 | Lair:1   | Entered Level 1 of the Lair of Beasts
  9580 | Lair:1   | Reached skill level 10 in Armour
 10524 | Lair:2   | Reached ***** piety under Okawaru
 10531 | Lair:2   | Reached XP level 12. HP: 80/105 MP: 11/11
 10598 | Lair:2   | Noticed Urug
 10626 | Lair:2   | Killed Urug
 11007 | Lair:3   | Found a staircase to the Shoals.
 11020 | Lair:3   | Found a frozen archway.
 11033 | Lair:3   | Reached skill level 13 in Shields
 11046 | Lair:3   | Found a gate leading to a gauntlet.
 11050 | Lair:3   | Noticed a death yak
 11050 | Lair:3   | Noticed a death yak
 11052 | Lair:3   | Noticed a death yak
 11059 | Lair:3   | Killed a death yak
 11059 | Lair:3   | Reached skill level 10 in Fighting
 11063 | Lair:3   | Killed a death yak
 11071 | Lair:3   | Killed a death yak
 11071 | Lair:3   | Received a gift from Okawaru
 11076 | Gauntlet | Entered a Gauntlet
 11076 | Gauntlet | Found a transporter.
 11076 | Gauntlet | Found a transporter.
 11077 | Gauntlet | Found a transporter.
 11079 | Gauntlet | Found a transporter.
 11080 | Gauntlet | Found a transporter.
 11080 | Gauntlet | Found a transporter.
 11090 | Gauntlet | Noticed a death yak
 11090 | Gauntlet | Noticed a death yak
 11091 | Gauntlet | Found a transporter.
 11091 | Gauntlet | Noticed a death yak
 11092 | Gauntlet | Noticed a death yak
 11095 | Gauntlet | Found a transporter.
 11105 | Gauntlet | Found a transporter.
 11205 | Gauntlet | Found a transporter.
 11209 | Gauntlet | Found a transporter.
 11221 | Gauntlet | Found a transporter.
 11321 | Gauntlet | Killed a death yak
 11325 | Gauntlet | Killed a death yak
 11342 | Gauntlet | Killed a death yak
 11355 | Gauntlet | Killed a death yak
 11757 | Gauntlet | Reached skill level 1 in Invocations
 11780 | Gauntlet | Got a pitted cloak
 11791 | Gauntlet | Identified the +5 cloak of the Slug {rC++} (You found it in
                  | a Gauntlet)
 11794 | Gauntlet | Noticed a minotaur
 11808 | Gauntlet | Killed a minotaur
 11808 | Gauntlet | Reached skill level 14 in Shields
 11818 | Gauntlet | Got a smoking plate armour
 11829 | Gauntlet | Identified the cursed +0 plate armour of Time Monsters
                  | {+Fly} (You found it in a Gauntlet)
 11934 | Lair:3   | Received a gift from Okawaru
 12040 | Lair:3   | Reached XP level 13. HP: 115/115 MP: 13/13
 12074 | Lair:3   | Noticed Snorg
 12085 | Lair:3   | Killed Snorg
 12487 | Lair:4   | Reached skill level 1 in Stealth
 12772 | Lair:4   | Got a scorched scimitar
 12773 | Lair:4   | Identified the +3 scimitar of Ususamn {flame, +Rage rPois
                  | rC- Dex-2} (You found it on level 4 of the Lair of Beasts)
 12869 | Lair:4   | Reached ****** piety under Okawaru
 13214 | Lair:4   | Received a gift from Okawaru
 13230 | Lair:4   | Got an encrusted hat {god gift}
 13241 | Lair:4   | Identified the -3 hat of Snakes and Ladders {rElec}
                  | (Okawaru gifted it to you on level 4 of the Lair of Beasts)
 13262 | Lair:4   | Reached skill level 15 in Shields
 13602 | Lair:4   | You fall into a shaft and drop 1 floor!
 13707 | Lair:4   | Noticed Kirke
 13731 | Lair:4   | Killed Kirke
 13786 | Lair:4   | Reached skill level 15 in Long Blades
 13863 | Lair:4   | Found a transporter.
 13865 | Lair:4   | Found a transporter.
 13866 | Lair:4   | Noticed Nilosor's ghost (journeyman DrAE)
 13927 | Lair:4   | Found a staircase to the Snake Pit.
 15157 | Lair:5   | Identified a scroll of acquirement
 15448 | Lair:5   | Found a viscous altar of Jiyva.
 15448 | Lair:5   | Found a staircase to the Slime Pits.
 15469 | Lair:6   | Entered Level 6 of the Lair of Beasts
 15889 | Lair:5   | Received a gift from Okawaru
 16198 | Lair:5   | Got a crude buckler {god gift}
 16204 | Lair:5   | Identified the +1 buckler "Zuala" {+Inv rN+ Dex+3} (Okawaru
                  | gifted it to you on level 5 of the Lair of Beasts)
 16316 | Lair:5   | Reached XP level 14. HP: 125/126 MP: 14/14
 16459 | Lair:6   | Reached skill level 16 in Shields
 16484 | Lair:6   | HP: 6/127 [poisoned by a spiny frog]
 18969 | Lair:6   | Received a gift from Okawaru
 19115 | Lair:6   | Identified the Reference Book on Earthen Malediction
 21903 | Orc:1    | Entered Level 1 of the Orcish Mines
 21927 | Orc:1    | Noticed Maurice
 21948 | Orc:1    | Killed Maurice
 22135 | Orc:2    | Entered Level 2 of the Orcish Mines
 22242 | Orc:2    | Noticed Nessos
 22247 | Orc:2    | Killed Nessos
 22422 | Orc:1    | Noticed Jorgrun
 22611 | Orc:1    | Killed Jorgrun
 22611 | Orc:1    | Received a gift from Okawaru
 22612 | Orc:1    | Found the +10 zealot's sword {holy, *Rage rN+ EV+3}
 23078 | Orc:2    | Found Toitecru's Tempting Trifles.
 23308 | Orc:2    | Reached skill level 17 in Shields
 23308 | Orc:2    | Reached skill level 1 in Evocations
 23712 | Orc:2    | Reached XP level 15. HP: 60/136 MP: 15/15
 23715 | Orc:2    | Found Enuogher's Weapon Boutique.
 23715 | Orc:2    | Found Iluajucuh's Distillery.
 24121 | Orc:2    | Found a roughly hewn altar of Beogh.
 24583 | Orc:2    | Found Xydwum's Food Emporium.
 24583 | Orc:2    | Found Xuding's General Store.
 24591 | Orc:2    | Bought a cursed amulet of inaccuracy for 24 gold pieces
 24591 | Orc:2    | Bought a ring of the Octopus King {rCorr AC+1 EV+1 Str+1
                  | Int+1 Dex+1} for 500 gold pieces
 24591 | Orc:2    | Found the ring of the Octopus King {rCorr AC+1 EV+1 Str+1
                  | Int+1 Dex+1}
 24591 | Orc:2    | Bought the +1 pair of boots of Qygi {+Fly Regen+ Dex+2
                  | Slay+3} for 424 gold pieces
 24633 | Orc:2    | Found a staircase to the Elven Halls.
 24828 | Orc:1    | Noticed Erica
 24844 | Orc:1    | Killed Erica
 24850 | Orc:1    | Noticed Erolcha
 24857 | Orc:1    | Killed Erolcha
 25085 | Orc:1    | Found a roughly hewn altar of Beogh.
 25399 | D:12     | Received a gift from Okawaru
 25406 | D:12     | Noticed Sonja
 25420 | D:12     | Noticed Josephine
 25430 | D:12     | Killed Josephine
 25738 | D:12     | Killed Sonja
 26090 | D:12     | Noticed Frances
 26120 | D:12     | Killed Frances
 26328 | D:12     | Identified a +0 pair of boots of running (Okawaru gifted it
                  | to you on level 12 of the Dungeon)
 26424 | D:13     | Found a blossoming altar of Fedhas.
 26557 | D:13     | Found a runed translucent gate.
 26557 | D:13     | Found a runed translucent gate.
 26557 | D:13     | Found a runed translucent gate.
 26558 | D:13     | Noticed Mandevil's ghost (journeyman VSAK)
 26558 | D:13     | Noticed Mysudi's ghost (journeyman CeAK)
 27177 | D:13     | Killed Mandevil's ghost
 27183 | D:13     | Killed Mysudi's ghost
 27199 | D:13     | Got a pitted zirconium amulet
 27201 | D:13     | Identified the amulet "Zaonk" {+Rage rF+} (You found it on
                  | level 13 of the Dungeon)
 27534 | D:14     | Reached skill level 15 in Armour
 27613 | D:14     | Noticed Azrael
 27618 | D:14     | Killed Azrael
 27618 | D:14     | Received a gift from Okawaru
 27855 | D:14     | Found a gate to the Vaults.
 27974 | D:14     | Reached skill level 18 in Shields
 28089 | D:15     | Entered Level 15 of the Dungeon
 28262 | D:15     | Reached XP level 16. HP: 147/147 MP: 16/16
 28455 | D:15     | Found a staircase to the Depths.
 29179 | Snake:1  | Entered Level 1 of the Snake Pit
 29234 | Snake:1  | Noticed Aizul
 29251 | Snake:1  | Killed Aizul
 29251 | Snake:1  | Reached skill level 15 in Fighting
 29639 | Snake:1  | Received a gift from Okawaru
 29658 | Snake:1  | Found a runed translucent gate.
 29658 | Snake:1  | Found a runed translucent gate.
 29658 | Snake:1  | Found a runed translucent gate.
 29658 | Snake:1  | Noticed Rudiyha's ghost (adept MiBe)
 29751 | Snake:1  | Killed Rudiyha's ghost
 30225 | Snake:1  | Got a scintillating sapphire amulet
 30227 | Snake:1  | Identified the amulet "Kiol" {Harm *Drain Int+6} (You found
                  | it on level 1 of the Snake Pit)
 30350 | Snake:1  | Noticed Donald
 30363 | Snake:1  | Killed Donald
 30438 | Snake:1  | Noticed Roxanne
 30454 | Snake:1  | Killed Roxanne
 30758 | Snake:2  | Received a gift from Okawaru
 30782 | Snake:2  | Got a translucent scimitar {god gift}
 30783 | Snake:2  | Identified the +8 scimitar of Starshine {slice, +Inv rC++
                  | Dex-2} (Okawaru gifted it to you on level 2 of the Snake
                  | Pit)
 31179 | Snake:2  | Found Xomau's Food Emporium.
 31403 | Snake:2  | Received a gift from Okawaru
 31911 | Lair:4   | Killed Nilosor's ghost
 32442 | D:10     | Killed LabCoat's ghost
 32442 | D:10     | Reached XP level 17. HP: 159/159 MP: 17/17
 33395 | Snake:3  | Found Xazxick's Jewellery Shop.
 33584 | Snake:4  | Entered Level 4 of the Snake Pit
 33606 | Snake:4  | Reached skill level 19 in Shields
 33642 | Snake:4  | Received a gift from Okawaru
 33659 | Snake:4  | Got a slimy large shield {god gift}
 33665 | Snake:4  | Identified the +5 large shield of Foeleroyse {Int-3 Dex+6}
                  | (Okawaru gifted it to you on level 4 of the Snake Pit)
 34549 | Snake:4  | Received a gift from Okawaru
 34579 | Snake:4  | Reached skill level 20 in Shields
 35123 | Snake:4  | Got a serpentine rune of Zot
 35488 | Shoals:1 | Entered Level 1 of the Shoals
 35619 | Shoals:1 | Reached XP level 18. HP: 140/169 MP: 18/18
 36004 | Shoals:1 | Found a stormy altar of Qazlal.
 36859 | Shoals:2 | Received a gift from Okawaru
 36862 | Shoals:2 | Got a heavily runed plate armour {god gift}
 36924 | Shoals:2 | Identified the +11 plate armour "Doote" {rPois rC+ rCorr}
                  | (Okawaru gifted it to you on level 2 of the Shoals)
 36968 | Shoals:2 | Reached skill level 21 in Shields
 37033 | Shoals:2 | Noticed Ilsuiw
 37083 | Shoals:2 | Killed Ilsuiw
 37785 | Shoals:3 | Noticed Polyphemus
 37819 | Shoals:3 | Killed Polyphemus
 38456 | Shoals:3 | Noticed Bai Suzhen
 38473 | Shoals:3 | Killed Bai Suzhen
 38492 | Shoals:3 | Received a gift from Okawaru
 39001 | Shoals:4 | Entered Level 4 of the Shoals
 39209 | Shoals:4 | Reached skill level 22 in Shields
 39295 | Shoals:4 | Identified the Guide on Transmigration and Lightness
 39331 | Shoals:4 | Reached XP level 19. HP: 164/179 MP: 19/19
 39747 | Shoals:4 | Got a barnacled rune of Zot
 40339 | Shoals:4 | Identified the Catalogue of Fiery Black Rituals
 41022 | Elf:1    | Entered Level 1 of the Elven Halls
 41311 | Elf:1    | Found Zymoko's Gadget Emporium.
 41353 | Elf:1    | Found Keoc's Armour Emporium.
 41358 | Elf:1    | Received a gift from Okawaru
 41383 | Elf:1    | Found Oleq's Weapon Emporium.
 41391 | Elf:1    | Found Rogyxkua's Armour Shop.
 41447 | Elf:1    | Bought the +9 large shield of Zeginepo {Str+7} for 1068
                  | gold pieces
 41660 | Elf:1    | Identified the Disquisition on Supportive Attacks
 42370 | Elf:2    | Found a huge runed translucent gate.
 42372 | Elf:2    | Found a huge runed translucent gate.
 42375 | Elf:2    | Found a huge runed translucent gate.
 42376 | Elf:2    | Found a huge runed translucent gate.
 42376 | Elf:2    | Found a huge runed translucent gate.
 42432 | Elf:2    | Found Celib's Gadget Shoppe.
 42666 | Elf:2    | Found a portal to a secret trove of treasure.
 42852 | Orc:2    | Bought a potion of curing for 36 gold pieces
 43962 | D:13     | You fall into a shaft and drop 1 floor!
 44060 | D:14     | You fall into a shaft and drop 1 floor!
 44984 | Elf:2    | Noticed Saint Roka
 45004 | Elf:2    | Reached skill level 23 in Shields
 45029 | Elf:2    | Killed Saint Roka
 45500 | Elf:3    | Entered Level 3 of the Elven Halls
 46013 | Elf:3    | Received a gift from Okawaru
 46013 | Elf:3    | Reached XP level 20. HP: 189/189 MP: 20/20
 46378 | Elf:3    | Gained mutation: You are clumsy. (Dex -2) [a neqoxec]
 46821 | Elf:3    | Identified the cursed +2 great sword of Egomania {vamp,
                  | rPois rC- rN++ MR+}
 46958 | Elf:3    | Identified the ring "Itar" {+Blink rN+ MR+}
 46964 | Elf:3    | Received a gift from Okawaru
 47230 | Elf:3    | Identified the ring "Mihuter" {*Tele *Contam rElec rF+
                  | rN++}
 48445 | Vaults:1 | Entered Level 1 of the Vaults
 48518 | Vaults:1 | Reached skill level 24 in Shields
 48643 | Vaults:1 | Gained mutation: Your magical capacity is low. (-10% MP) [a
                  | shining eye]
 48864 | Vaults:1 | Got a slimy platinum ring
 48869 | Vaults:1 | Identified the ring of Imorrahy {*Corrode rPois Int+4 Dex+3
                  | Stlth+} (You found it on level 1 of the Vaults)
 49256 | Vaults:1 | Noticed Asterion
 49262 | Vaults:1 | Killed Asterion
 50203 | Elf:2    | You paid a toll of 7 potions of agility to enter a treasure
                  | trove
 50204 | Trove    | Entered a treasure trove
 50209 | Trove    | Found the ring of the Mage {Wiz MR++ Int+3}
 50221 | Trove    | Got a wavering marble ring
 50227 | Trove    | Got a translucent silver amulet
 50231 | Trove    | Got a shimmering steel ring
 50233 | Trove    | Got a sparkling emerald amulet
 50239 | Trove    | Got an ancient steel ring
 50241 | Trove    | Got a slimy ivory ring
 50243 | Trove    | Got a clouded pewter amulet
 50247 | Trove    | Got an ancient granite ring
 50249 | Trove    | Got a smoking crystal amulet
 50258 | Trove    | Identified the ring "Epuuvai" {rC+ rN++ MR+ Int+4 Dex-3}
                  | (You found it in a treasure trove)
 50259 | Trove    | Identified the amulet "Etaoni Rame" {+Rage +Inv MR- Int-4
                  | Slay+5} (You found it in a treasure trove)
 50260 | Trove    | Identified the amulet "Kicekk" {Harm *Drain rElec rF+} (You
                  | found it in a treasure trove)
 50261 | Trove    | Identified the amulet "Paruha" {Spirit rPois rN+ Int-5}
                  | (You found it in a treasure trove)
 50262 | Trove    | Identified the amulet "Coirus" {Gourm -Tele rPois rF+} (You
                  | found it in a treasure trove)
 50263 | Trove    | Identified the ring "Rorat" {rElec rC+ Int-4 Dex-3 SInv}
                  | (You found it in a treasure trove)
 50264 | Trove    | Identified the ring "Ippuruk" {Wiz rF+ Str+2 Int+4} (You
                  | found it in a treasure trove)
 50265 | Trove    | Identified the ring "Gevvarum" {*Corrode Str+2 Int+7 SInv}
                  | (You found it in a treasure trove)
 50266 | Trove    | Identified the ring of the Everdark {rF+ rC+ SInv} (You
                  | found it in a treasure trove)
 51267 | Vaults:2 | Received a gift from Okawaru
 51301 | Vaults:2 | Got a pitted large shield {god gift}
 51324 | Vaults:2 | Identified the +0 large shield "Tusueff" {+Inv Str+3}
                  | (Okawaru gifted it to you on level 2 of the Vaults)
 51514 | Vaults:2 | Reached XP level 21. HP: 182/201 MP: 19/19
 51947 | Vaults:2 | Found a staircase to the Crypt.
 51947 | Vaults:2 | Found an ancient bone altar of Kikubaaqudgha.
 51948 | Vaults:2 | Found a basalt altar of Yredelemnul.
 52757 | Vaults:3 | Noticed Margery
 52772 | Vaults:3 | Killed Margery
 52772 | Vaults:3 | Reached skill level 25 in Shields
 52913 | Vaults:3 | Slain by an orc warrior

Levels and vault maps discovered:
D:1:      kennysheep_arrival_seaside, layout_loops_ring
D:2:      layout_basic, cheibriados_altar_1, nicolae_gozag_seed_capital
D:3:      layout_loops_cross, led_xom_imps, nicolae_dithmenos_shadow_blocks
D:4:      layout_gridville, marbit_many_paths, kennysheep_mini
D:5:      layout_loops_ring, kennysheep_vampire_church, lemuel_crystal_altar,
          first_ration, hellmonk_ghost_happy_afterlife,
          nemelex_xobeh_ov_fountains_minmay, uniq_sigmund
D:6:      layout_basic, ashenzari_altar_1, nicolae_qazlal_style_of_elements,
          chequers_serial_rivers_micro_e, roderic_nine_men_s_morris
D:7:      layout_loops_cross, makhleb_heckhound_becter,
          minmay_temple_entry_tees, serial_glass, glass_columns_a,
          glass_columns_a, uniq_joseph, uniq_duvessa, uniq_harold
D:8:      layout_basic, grunt_temple_overflow_holy_war, elyvilon_altar_4
D:9:      layout_basic, nicolae_ru_the_path_less_chosen, lair_entry_dummy
D:10:     layout_roguey, erik_orc_2, basic_altar, ebering_ghost_gozag,
          uniq_nergalle
D:11:     regret_index_tunnel_blossom, layout_irregular_city
D:12:     layout_cave_pools, grunt_ministairs_15, grunt_pizzeria,
          kennysheep_cross_bottleneck, uniq_frances, uniq_josephine, uniq_sonja
D:13:     layout_irregular_city, basic_altar, gammafunk_ghost_cemetery
D:14:     layout_loops_ring, david_vaults_1, minivault_19, lightli_minifort,
          uniq_azrael
D:15:     gammafunk_enter_depths_forms, layout_basic,
          chequers_serial_rivers_room_a
Temple:   corrupted_temple
Lair:1:   layout_chaotic_city, small_statue_intersection,
          nicolae_quartered_pool_medium, serial_bayou_shore_b
Lair:2:   layout_loops_ring, uniq_urug
Lair:3:   layout_roguey, shoals_dummy_entry, portal_ice_cave_entry_ice_beasts,
          nicolae_volcano_entry_s_turn, gauntlet_entry_generic, uniq_snorg
Lair:4:   layout_layer_cave, dummy_snake_entry, gammafunk_ghost_hive,
          hangedman_lair_generics_rect, uniq_kirke
Lair:5:   layout_regular_city, dpeg_slime_entry_enclosed_altar
Lair:6:   minmay_lair_end_frog_pond, layout_big_grid, worms_lemuel
Shoals:1: layout_shoals, wheals_shoals_ruined_temple
Shoals:2: layout_shoals, uniq_ilsuiw
Shoals:3: layout_shoals, uniq_bai_suzhen, uniq_polyphemus
Shoals:4: shoals_end_simple, layout_shoals, nicolae_shoals_dead_sea_scrolls
Snake:1:  layout_misc_corridors, gammafunk_ghost_split, st_stairs_14,
          uniq_donald, uniq_aizul, uniq_roxanne
Snake:2:  layout_gridlike, serial_shops, nicolae_shop_waterfront
Snake:3:  layout_grid_shapes, serial_shops, shop
Snake:4:  minmay_snake_end_coiled, layout_cave_town
Orc:1:    layout_caves, nicolae_orc_bridge_out, nicolae_orc_lost_temple,
          uniq_jorgrun, uniq_maurice, uniq_erica, uniq_erolcha
Orc:2:    st_orc_town, layout_diamond_mine, nicolae_alphabet_shops, uniq_nessos
Elf:1:    elf_arrival_001, layout_loops_cross, serial_shops, shop, shop,
          nicolae_shop_statue_plus, shop, minmay_elf_sorcery, fountainhead
Elf:2:    layout_geoelf_diagonals, serial_shops,
          nicolae_shop_temple_entry_statues_fountains,
          nicolae_trove_entry_crystal, grunt_megastairs_4, uniq_saint_roka
Elf:3:    minmay_elf_hall_curves, layout_onion_city, dk_noncrumbling_4
Vaults:1: hangedman_vaults_pinch, nicolae_vaults_ninety_degrees,
          nicolae_vaults_statue_guard, v_misc_11, nicolae_vaults_network_square,
          ontoclasm_vaults_claustrophobia, nicolae_vaults_what_the_h,
          hangedman_vaults_corner_blocks, v_pattern_1,
          nicolae_vaults_specimen_jars, layout_vaults_ring, uniq_asterion
Vaults:2: minmay_crypt_entry_necro_gods, ontoclasm_vaults_ligature,
          nicolae_vaults_network_quinsquares
          [nicolae_vaults_network_quincunx_subvault,
          nicolae_vaults_network_quincunx_subvault,
          nicolae_vaults_network_quincunx_subvault,
          nicolae_vaults_network_quincunx_subvault], ontoclasm_vaults_spin,
          vaults_mumra_hexcomb, v_misc_28, vaults_room_pool, v_misc_9,
          dpeg_vaults_monster_box, nicolae_vaults_asterisk,
          layout_vaults_omnigrid
Vaults:3: vaults_room_door_ring, serial_ice_h, hangedman_vaults_capsules,
          v_alt_pattern_5, v_misc_2, v_misc_27, ontoclasm_vaults_shuriken,
          vaults_mumra_minichess_inversion, v_pattern_2, vaults_dpeg_cross,
          v_misc_15, vaults_dpeg_ring, special_room_vaults [special_room_orc],
          layout_vaults_chaotic_city, uniq_margery

Skill      XL: |  1  2  3  4  5  6  7  8  9 10 11 12 13 14 15 16 17 18 19 20 21 |
---------------+----------------------------------------------------------------+-----
Armour         | 4 5 6 7 9 10 11 12 14 15 16 17 18 | 18.4
Fighting       | 4 5 7 8 9 10 12 13 14 16 17 18 20 | 20.2
Shields        | 4 5 6 7 9 10 12 14 15 17 18 20 22 23 24 25 | 25.2
Long Blades    | 3 4 5 6 8 10 12 13 14 15 16 17 18 19 20 21 | 21.4
Dodging        | 1 2 3 4 5 6 7 8 |  8.2
Invocations    | 1 2 |  2.0
Stealth        | 1 2 |  2.8
Evocations     | 1 |  1.0

Action                   |  1- 3 |  4- 6 |  7- 9 | 10-12 | 13-15 | 16-18 | 19-21 || total
-------------------------+-------+-------+-------+-------+-------+-------+-------++-------
Melee: Long sword        |    94 |   130 |   316 |   767 |   631 |       |       ||  1938
       Headbutt          |    12 |    23 |    77 |   164 |   369 |   470 |   361 ||  1476
       Scimitar          |       |       |       |       |   280 |       |       ||   280
       Eudemon blade     |       |       |       |       |   516 |  1354 |  1089 ||  2959
Invok: Heroism           |       |       |       |     5 |     7 |     2 |     2 ||    16
 Abil: Evoke Flight      |       |       |       |       |       |     3 |       ||     3
Evoke: Wand              |       |       |       |     6 |     8 |       |       ||    14
  Use: Scroll            |     6 |     4 |     4 |     7 |    14 |     9 |    21 ||    65
       Potion            |     3 |       |     2 |     1 |     6 |     2 |     1 ||    15
  Eat: Chunk             |       |     6 |     9 |    16 |    42 |    22 |    28 ||   123
       Ration            |       |       |       |     2 |     3 |     5 |     5 ||    15
Armor: Scale mail        |    47 |    52 |    42 |       |       |       |       ||   141
       Plate armour      |       |       |    24 |    34 |   467 |   522 |   236 ||  1283
       Chain mail        |       |       |       |   124 |       |       |       ||   124
Dodge: Dodged            |    31 |    37 |    76 |   182 |   598 |   570 |   291 ||  1785
       Deflected         |       |       |     2 |     1 |       |       |       ||     3
Block: Shield            |    47 |    98 |   212 |   479 |   288 |       |       ||  1124
       Reflection        |       |     1 |     9 |     5 |    30 |   213 |   113 ||   371
       Buckler           |       |       |       |       |   587 |   277 |       ||   864
       Large shield      |       |       |       |       |       |  1388 |  1328 ||  2716
       Other             |       |       |       |       |       |       |     2 ||     2
       Rpst.: Long sword |     7 |    14 |    27 |    53 |    71 |       |       ||   172
       Scimitar          |       |       |       |       |    35 |       |       ||    35
       Eudemon blade     |       |       |       |       |    51 |    97 |    58 ||   206

Table legend:
 A = Non-vault XP
 B = Vault XP
 C = Vault XP percentage of total XP
 D = Non-vault monster count
 E = Vault monster count
 F = Vault count percentage of total count
                 A         B        C        D         E       F
            +---------+---------+-------+---------+---------+-------
      Total |  317355 |  311437 |  49.5 |    1090 |     616 |  36.1
            +---------+---------+-------+---------+---------+-------
        D:1 |      44 |       0 |   0.0 |      25 |       0 |   0.0
        D:2 |      64 |       0 |   0.0 |      24 |       0 |   0.0
        D:3 |      66 |     192 |  74.4 |      23 |       4 |  14.8
        D:4 |     412 |       3 |   0.7 |      14 |       1 |   6.7
        D:5 |    1037 |     871 |  45.6 |      31 |       8 |  20.5
        D:6 |    1127 |     481 |  29.9 |      29 |       1 |   3.3
        D:7 |    2057 |    1249 |  37.8 |      42 |       4 |   8.7
        D:8 |    2203 |       0 |   0.0 |      26 |       0 |   0.0
        D:9 |    3415 |     136 |   3.8 |      40 |       2 |   4.8
       D:10 |    3502 |    3767 |  51.8 |      36 |      31 |  46.3
       D:11 |    4780 |    4293 |  47.3 |      37 |      37 |  50.0
       D:12 |    7005 |    5498 |  44.0 |      45 |       7 |  13.5
       D:13 |    8360 |    2522 |  23.2 |      38 |       2 |   5.0
       D:14 |   10438 |    5402 |  34.1 |      31 |      14 |  31.1
       D:15 |   11269 |    4041 |  26.4 |      30 |      14 |  31.8
     Temple |     122 |       0 |   0.0 |       2 |       0 |   0.0
     Lair:1 |    2081 |       0 |   0.0 |      11 |       0 |   0.0
     Lair:2 |    3858 |     851 |  18.1 |      14 |       1 |   6.7
     Lair:3 |    5956 |    2203 |  27.0 |      16 |       9 |  36.0
     Lair:4 |   10408 |    6972 |  40.1 |      29 |      20 |  40.8
     Lair:5 |    6446 |    2136 |  24.9 |      27 |      10 |  27.0
     Lair:6 |    3891 |   15086 |  79.5 |      14 |      55 |  79.7
   Shoals:1 |   16327 |    3694 |  18.5 |      34 |       3 |   8.1
   Shoals:2 |   27059 |    6859 |  20.2 |      51 |       6 |  10.5
   Shoals:3 |   14271 |    9206 |  39.2 |      28 |       4 |  12.5
   Shoals:4 |   12137 |   18522 |  60.4 |      26 |      31 |  54.4
    Snake:1 |   12844 |   13345 |  51.0 |      23 |      13 |  36.1
    Snake:2 |   18221 |       0 |   0.0 |      33 |       0 |   0.0
    Snake:3 |   17346 |       0 |   0.0 |      34 |       0 |   0.0
    Snake:4 |   31147 |   26334 |  45.8 |      58 |      45 |  43.7
      Orc:1 |    1665 |    5552 |  76.9 |      38 |       4 |   9.5
      Orc:2 |    2049 |    8369 |  80.3 |      35 |      61 |  63.5
      Elf:1 |   16388 |   11260 |  40.7 |      38 |      18 |  32.1
      Elf:2 |   11632 |   31231 |  72.9 |      19 |      47 |  71.2
      Elf:3 |    8039 |   42994 |  84.2 |      13 |      31 |  70.5
   Vaults:1 |   19873 |   32090 |  61.8 |      40 |      54 |  57.4
   Vaults:2 |   17908 |   18672 |  51.0 |      28 |      33 |  54.1
   Vaults:3 |    1908 |   20806 |  91.6 |       8 |      34 |  81.0
   Gauntlet |       0 |    6800 | 100.0 |       0 |      12 | 100.0
            +---------+---------+-------+---------+---------+-------
